 Dungeon Crawl Stone Soup version 0.27.1-33-g824d729ab1 (webtiles) character file.

Game seed: 5981247708307058925

2037 Grabarz the Cleaver (level 9, -8/73 HPs)
             Began as a Palentonga Berserker on Dec 7, 2021.
             Was an Elder of Trog.
             Mangled by a yak (16 damage)
             ... on level 6 of the Dungeon.
             The game lasted 00:41:23 (6062 turns).

Grabarz the Cleaver (Palentonga Berserker)          Turns: 6062, Time: 00:41:24

Health: -8/73      AC: 12    Str: 24    XL:     9   Next: 4%
Magic:  9/9        EV: 15    Int:  7    God:    Trog [****..]
Gold:   240        SH:  0    Dex: 10    Spells: 8/8 levels left

rFire    . . .     SeeInvis +   a - +1 hand axe
rCold    . . .     Faith    .   (no shield)
rNeg     . . .     Spirit   .   b - +1 animal skin
rPois    .         Reflect  .   (no helmet)
rElec    .         Harm     .   (no cloak)
rCorr    .         Rampage  .   (no gloves)
Will     .....                  (no barding)
Stlth    ++........             (no amulet)
HPRegen  0.22/turn              h - +4 ring of evasion
MPRegen  0.11/turn              (no ring)

@: on berserk cooldown, slowed, curled up, very slow
A: large, rugged brown scales 3, see invisible, deformed body, roll 1, armoured
tail, reflexive curl
a: Rolling Charge, Renounce Religion, Berserk, Trog's Hand, Brothers in Arms


You were on level 6 of the Dungeon.
You worshipped Trog.
Trog was greatly pleased with you.
You visited 1 branch of the dungeon, and saw 6 of its levels.

You collected 240 gold pieces.

Inventory:

Hand Weapons
 a - a +1 hand axe (weapon)
 o - a +3 flail
Armour
 b - a +1 animal skin (worn)
Jewellery
 h - a +4 ring of evasion (left hand)
Wands
 d - a wand of polymorph (8)
 q - a wand of flame (21)
 r - a wand of acid (7)
Scrolls
 j - a scroll of summoning
 k - a scroll of enchant weapon
 p - a scroll of enchant armour
Potions
 c - a potion of might
 e - a potion of invisibility
 f - 2 potions of resistance
 g - a potion of ambrosia {unknown}
 i - 3 potions of attraction
 l - a potion of degeneration {unknown}
 m - a potion of heal wounds {unknown}
 n - 3 potions of curing
 s - a potion of brilliance {unknown}


   Skills:
 + Level 6.1 Fighting
 + Level 8.8 Axes
 + Level 1.8 Armour
 + Level 5.0 Dodging
 + Level 1.5 Stealth
 + Level 0.1 Unarmed Combat
 + Level 0.6 Evocations


You had 8 spell levels left.
You didn't know any spells.
Your spell library contained the following spells:

 Spells                   Type           Power      Damage    Failure   Level
 Beastly Appendage        Tmut           0%         N/A       43%         1
 Wereblood                Tmut           0%         N/A       56%         2
 Spider Form              Tmut/Pois      0%         N/A       80%         3


Dungeon Overview and Level Annotations

Branches:
Dungeon (6/15)             Temple (0/1) D:5

Altars:
Gozag
Hepliaklqana
Sif Muna
Uskayaw

Shops:
D:6 !?(


Innate Abilities, Weirdness & Mutations

You are completely covered in rugged brown scales. (AC +3, +7% HP)
You have supernaturally acute eyesight. (SInv)
Armour fits poorly on your strangely shaped body.
You can roll at nearby foes to attack.
You have a long armoured tail.
You curl defensively after being hit.


Message History

The orc wizard is almost dead.
You hit the yak but do no damage.
You feel very sick. The yak misses you.
The orc wizard hits you with a +1 dagger of venom.
The yak gores you but does no damage.
Cleave: a) +1 hand axe
Press: ? - help, Dir - move target, f/p - orc wizard
Aim: an orc wizard, wielding a +1 dagger of venom and wearing a +0 robe (almost dead, slightly transparent, about 40% to evade your +1 hand axe)
You hit the orc wizard but do no damage.
You tail-slap the orc wizard.
You kill the orc wizard!
Trog accepts your kill.
You can now call in reinforcements.
Trog appreciates your killing of a magic user.
You hit the yak.
You feel very sick. The yak barely misses you.
You slash the yak!
The yak is moderately wounded.
You feel sick. The yak gores you!
You barely miss the yak.
The yak is moderately wounded.
You feel sick. The yak gores you!
* * * LOW HITPOINT WARNING * * *
The yak gores you.
* * * LOW HITPOINT WARNING * * *
You feel sick.
You feel sick.
You feel sick.
You are no longer poisoned.
The yak closely misses you. The yak barely misses you.
You slash the yak!
The yak is heavily wounded.
The yak gores you.
* * * LOW HITPOINT WARNING * * *
You closely miss the yak.
The yak is heavily wounded.
The yak gores you!
You die...

#####.......#.# #...#
# ###.##.##.# #...# #
#.##.##.# ##)..## #
#.......# #(....# #
####.#### #.###.# #
#.# ##.# #.## #
#..###..# #
#######.......##
#...Y@.........######
#.#####.##.##.......#
#)# #.##.##.#####.#
#..).# #.##.##.#
#.#..# #.......# #.
..# ####.#### #. .#.
###.### #. .!#.
#.....# #. ..
.##.....#


You could see a yak.

Vanquished Creatures
  Pikel (D:5)
  Grinder (D:6)
  2 yaks (D:6)
  Eustachio (D:5)
  A water moccasin (D:6)
  An ogre (D:6)
  A lemure (D:5)
  A phantom (D:6)
  A scorpion (D:5)
  2 jellies (D:3)
  A centaur skeleton (D:6)
  3 hounds
  2 iguanas
  An orc priest (D:6)
  5 orc wizards (D:6)
  Ijyb (D:3)
  7 adders
  4 gnolls (D:6)
  A shadow imp (D:6)
  An ufetubus (D:5)
  A worm (D:3)
  11 dart slugs
  9 orcs
  2 ball pythons
  8 endoplasms
  5 giant cockroaches
  7 hobgoblins
  3 quokkas
  5 bats
  A frilled lizard (D:2)
  5 goblins
  4 kobolds
  6 rats
105 creatures vanquished.

Vanquished Creatures (others)
  A hound (D:4)
1 creature vanquished.

Grand Total: 106 creatures vanquished

Notes
Turn   | Place    | Note
-------+----------+-------------------------------------------
     0 | D:1      | Grabarz the Palentonga Berserker began the quest for the
                  | Orb.
     0 | D:1      | Reached XP level 1. HP: 19/19 MP: 1/1
   184 | D:1      | Reached XP level 2. HP: 23/25 MP: 2/2
   479 | D:1      | Reached ** piety under Trog
   800 | D:1      | Reached XP level 3. HP: 31/31 MP: 3/3
  1136 | D:2      | Found a faded altar of an unknown god.
  1948 | D:3      | Reached XP level 4. HP: 39/39 MP: 4/4
  2085 | D:3      | Found a hazy altar of Hepliaklqana.
  2223 | D:3      | Noticed a +0 hand axe
  2223 | D:3      | Noticed a +3 dagger
  2224 | D:3      | Found a hide-covered altar of Uskayaw.
  2234 | D:3      | Noticed Ijyb
  2268 | D:3      | Killed Ijyb
  2269 | D:3      | Reached skill level 4 in Axes
  2448 | D:3      | Reached XP level 5. HP: 46/46 MP: 5/5
  3840 | D:5      | Entered Level 5 of the Dungeon
  3959 | D:5      | Reached skill level 5 in Axes
  3959 | D:5      | Reached XP level 6. HP: 44/53 MP: 6/6
  4039 | D:5      | Reached *** piety under Trog
  4463 | D:5      | Found a staircase to the Ecumenical Temple.
  4467 | D:5      | Noticed Pikel
  4487 | D:5      | Killed Pikel
  4488 | D:5      | Reached skill level 5 in Fighting
  4488 | D:5      | Reached skill level 6 in Axes
  4488 | D:5      | Gained mutation: You curl defensively after being hit.
                  | [Palentonga growth]
  4488 | D:5      | Reached XP level 7. HP: 59/59 MP: 7/7
  4569 | D:5      | Noticed Eustachio
  4578 | D:5      | Killed Eustachio
  4949 | D:6      | Found an opulent altar of Gozag.
  5044 | D:6      | Reached skill level 7 in Axes
  5102 | D:6      | Reached XP level 8. HP: 64/67 MP: 8/8
  5236 | D:6      | Reached skill level 1 in Stealth
  5288 | D:6      | Found Xufel's Distillery.
  5674 | D:6      | Reached skill level 8 in Axes
  5818 | D:6      | Found a shimmering blue altar of Sif Muna.
  5905 | D:6      | Found Oconyopit's Magic Scroll Shop.
  5957 | D:6      | Found Akhlom's Weapon Shop.
  6021 | D:6      | Noticed Grinder
  6031 | D:6      | Killed Grinder
  6045 | D:6      | Reached skill level 5 in Dodging
  6045 | D:6      | Reached XP level 9. HP: 73/73 MP: 9/9
  6053 | D:6      | Reached **** piety under Trog
  6062 | D:6      | Mangled by a yak

Illustrated notes

Levels and vault maps discovered:
D:1:      nagdon_arrival_zigzag_paths, layout_basic,
          chequers_serial_rivers_micro_b, chequers_mini_garden, minmay_ruptured
D:2:      wander_river, layout_loops_corners, shapermc_ecumenical_altar_venn
D:3:      layout_rooms, dancing_weapons_uskayaw, mainiacjoe_overflow_catwalk,
          roderic_lattice_a, uniq_ijyb
D:4:      kennysheep_slugbush, layout_basic
D:5:      layout_basic, minmay_temple_entry_arrows, portal_sewer_entry_d,
          uniq_pikel, uniq_eustachio
D:6:      layout_loops_cross, grunt_gozag_statues, lemuel_doored_altar,
          serial_shops, nicolae_stop_n_shop_2, nicolae_shop_crystal, shop,
          nicolae_shop_stone, shop, uniq_grinder

Skill      XL: |  1  2  3  4  5  6  7  8 |
---------------+-------------------------+-----
Fighting       | 4 5 6 |  6.1
Axes           | 4 5 6 7 8 |  8.8
Dodging        | 2 3 5 |  5.0
Stealth        | 1 |  1.5
Armour         | |  1.8
Unarmed Combat | |  0.1
Evocations     | |  0.6

Action                   |  1- 3 |  4- 6 |  7- 9 || total
-------------------------+-------+-------+-------++-------
Melee: Hand axe          |    88 |   120 |   116 ||   324
       Tailslap          |     7 |    13 |    14 ||    34
       Unarmed           |       |     4 |       ||     4
Invok: Berserk           |     3 |     4 |     6 ||    13
 Abil: Rolling Charge    |    26 |    23 |    11 ||    60
Evoke: Wand              |       |       |     5 ||     5
  Use: Scroll            |     4 |     4 |     6 ||    14
Armor: Animal skin       |    22 |    29 |    20 ||    71
Dodge: Dodged            |    26 |    80 |    53 ||   159
